BLB
PITTSBURGH MILLERS @ WILMINGTON WILDCATS
09/11/2059
 
TOP OF THE 1ST
Pittsburgh Millers batting - Pitching for Wilmington Wildcats : RHP Rick Robertson
Pitching: RHP Rick Robertson
Batting: LHB Byron Carlton 0-0: Foul Ball, location: 2F
0-1: Ball
1-1: Ball
2-1: Called Strike
2-2: Foul Ball, location: 2F
2-2: Ball
3-2: Foul Ball, location: 2F
3-2: Base on Balls
Batting: LHB Tom Ho 0-0: Ball
1-0: SINGLE (Groundball, 6M, EV 98.1 MPH)
Byron Carlton to second
Batting: LHB Sayon Castillo 0-0: Called Strike
0-1: Called Strike
0-2: Ball
1-2: Strikes out looking
Batting: RHB LaMark Canete 0-0: Ball
1-0: Ball
2-0: Called Strike
2-1: Swinging Strike
2-2: Strikes out swinging
Batting: RHB Conner Wilson 0-0: Ball
1-0: Ball
2-0: Ball
3-0: Called Strike
3-1: Base on Balls
Byron Carlton to third
Tom Ho to second
Batting: RHB Seth Laskie 0-0: Ball
1-0: Foul Ball, location: 2F
1-1: Ball
2-1: Ball
3-1: Base on Balls
Byron Carlton scores
Tom Ho to third
Conner Wilson to second
Batting: RHB Cato Flaig 0-0: Ground out 4-3 (Groundball, 4, EV 92.5 MPH)
Top of the 1st over - 1 run, 1 hit, 0 errors, 3 left on base; Pittsburgh 1 - Wilmington 0
BOTTOM OF THE 1ST
Wilmington Wildcats batting - Pitching for Pittsburgh Millers : RHP Max Townsend
Pitching: RHP Max Townsend
Batting: RHB Evan Yanko 0-0: Ball
1-0: Ball
2-0: Foul Ball, location: 2F
2-1: Ground out 5-3 (Groundball, 56, EV 107.5 MPH)
Batting: LHB Dorsey Cahue 0-0: Ball
1-0: Ball
2-0: Fly out, F9 (Line Drive, 9, EV 91.2 MPH)
Batting: RHB Vince Cox 0-0: Ground out 4-3 (Groundball, 4M, EV 105.6 MPH)
Bottom of the 1st over - 0 runs, 0 hits, 0 errors, 0 left on base; Pittsburgh 1 - Wilmington 0
TOP OF THE 2ND
Pittsburgh Millers batting - Pitching for Wilmington Wildcats : RHP Rick Robertson
Batting: LHB Skye Maury 0-0: Called Strike
0-1: Ball
1-1: Called Strike
1-2: Strikes out swinging
Batting: RHB Isaac Pack 0-0: Ball
1-0: Swinging Strike
1-1: Swinging Strike
1-2: Ball
2-2: Ball
3-2: Foul Ball, location: 2F
3-2: Base on Balls
Batting: LHB Byron Carlton 0-0: Called Strike
0-1: Swinging Strike
0-2: Strikes out looking
Batting: LHB Tom Ho 0-0: Ball
1-0: Called Strike
1-1: Ball
2-1: Ball
3-1: Called Strike
3-2: Foul Ball, location: 2F
3-2: Strikes out looking
Top of the 2nd over - 0 runs, 0 hits, 0 errors, 1 left on base; Pittsburgh 1 - Wilmington 0
BOTTOM OF THE 2ND
Wilmington Wildcats batting - Pitching for Pittsburgh Millers : RHP Max Townsend
Batting: LHB James Munsie 0-0: Hit by Pitch
Batting: RHB Raymond Dixon 0-0: Ball
1-0: SINGLE (Groundball, 5S, EV 73.1 MPH) (infield hit)
James Munsie to second
Batting: LHB James Mitchell 0-0: Ball
1-0: Called Strike
1-1: Foul Ball, location: 2F
1-2: Grounds into double play, 4-6-3 (Groundball, 4, EV 95.0 MPH)
James Munsie to third
Batting: RHB Zeke Lebron 0-0: SINGLE (Flyball, 8RS, EV 89.4 MPH)
James Munsie scores
Batting: RHB Shabazz Smith 0-0: Ball
Zeke Lebron is caught stealing 2nd base 2-4
Bottom of the 2nd over - 1 run, 2 hits, 0 errors, 0 left on base; Pittsburgh 1 - Wilmington 1
TOP OF THE 3RD
Pittsburgh Millers batting - Pitching for Wilmington Wildcats : RHP Rick Robertson
Batting: LHB Sayon Castillo 0-0: Swinging Strike
0-1: Hit by Pitch
Batting: RHB LaMark Canete 0-0: Foul Ball, location: 2F
0-1: Ball
1-1: Ball
2-1: Foul Ball, location: 2F
2-2: Strikes out swinging
Batting: RHB Conner Wilson 0-0: Called Strike
0-1: Called Strike
0-2: Ball
1-2: Strikes out looking
Batting: RHB Seth Laskie 0-0: Ball
1-0: Foul Ball, location: 2F
1-1: Ball
2-1: Ball
3-1: Swinging Strike
3-2: Strikes out looking
Top of the 3rd over - 0 runs, 0 hits, 0 errors, 1 left on base; Pittsburgh 1 - Wilmington 1
BOTTOM OF THE 3RD
Wilmington Wildcats batting - Pitching for Pittsburgh Millers : RHP Max Townsend
Batting: RHB Shabazz Smith 0-0: Ball
1-0: Ball
2-0: Ball
3-0: Base on Balls
Batting: RHB Julian Crews 0-0: Foul Ball, location: 2F
0-1: Called Strike
0-2: Strikes out looking
Batting: RHB Evan Yanko 0-0: Foul Ball, location: 2F
0-1: Ball
1-1: Swinging Strike
1-2: Strikes out swinging
Batting: LHB Dorsey Cahue 0-0: Ball
1-0: Ball
2-0: Swinging Strike
2-1: Swinging Strike
2-2: Ball
3-2: Foul Ball, location: 2F
3-2: Base on Balls
Shabazz Smith to second
Batting: RHB Vince Cox 0-0: Ball
1-0: Fly out, F8 (Flyball, 8LM, EV 92.5 MPH)
Bottom of the 3rd over - 0 runs, 0 hits, 0 errors, 2 left on base; Pittsburgh 1 - Wilmington 1
TOP OF THE 4TH
Pittsburgh Millers batting - Pitching for Wilmington Wildcats : RHP Rick Robertson
Batting: RHB Cato Flaig 0-0: Called Strike
0-1: Called Strike
0-2: Ball
1-2: Ball
2-2: Foul Ball, location: 2F
2-2: DOUBLE (Line Drive, 9LS, EV 106.9 MPH)
Batting: LHB Skye Maury 0-0: Ball
1-0: Called Strike
1-1: Ball
2-1: Foul Ball, location: 2F
2-2: Ball
3-2: Fly out, F9 (Flyball, 9S, EV 94.4 MPH)
Batting: RHB Isaac Pack 0-0: Called Strike
0-1: Ball
1-1: Ball
2-1: Foul Ball, location: 2F
2-2: Strikes out looking
Batting: LHB Byron Carlton 0-0: Ball
1-0: Ball
2-0: Ground out 4-3 (Groundball, 4S, EV 85.0 MPH)
Top of the 4th over - 0 runs, 1 hit, 0 errors, 1 left on base; Pittsburgh 1 - Wilmington 1
BOTTOM OF THE 4TH
Wilmington Wildcats batting - Pitching for Pittsburgh Millers : RHP Max Townsend
Batting: LHB James Munsie 0-0: Ball
1-0: Ball
2-0: Called Strike
2-1: Ball
3-1: Base on Balls
Batting: RHB Raymond Dixon 0-0: Ball
1-0: Foul Ball, location: 2F
1-1: Swinging Strike
1-2: Ball
2-2: Ball
3-2: Strikes out swinging
Batting: LHB James Mitchell 0-0: Ball
1-0: Ball
2-0: Foul Ball, location: 2F
2-1: Ball
3-1: Foul Ball, location: 2F
3-2: Base on Balls
James Munsie to second
Batting: RHB Zeke Lebron 0-0: Called Strike
0-1: Swinging Strike
0-2: Strikes out swinging
Batting: RHB Shabazz Smith 0-0: Called Strike
0-1: Fly out, F8 (Line Drive, 8RS, EV 93.8 MPH)
Bottom of the 4th over - 0 runs, 0 hits, 0 errors, 2 left on base; Pittsburgh 1 - Wilmington 1
TOP OF THE 5TH
Pittsburgh Millers batting - Pitching for Wilmington Wildcats : RHP Rick Robertson
Batting: LHB Tom Ho 0-0: Ball
1-0: Fly out, F7 (Line Drive, 7, EV 105.0 MPH)
Batting: LHB Sayon Castillo 0-0: Called Strike
0-1: Foul Ball, location: 2F
0-2: Strikes out swinging
Batting: RHB LaMark Canete 0-0: Ball
1-0: Ball
2-0: Swinging Strike
2-1: Ball
3-1: Base on Balls
Batting: RHB Conner Wilson 0-0: Called Strike
0-1: Ball
1-1: Called Strike
1-2: Fielders Choice at 2nd, 5-4 (Groundball, 5, EV 78.8 MPH)
Top of the 5th over - 0 runs, 0 hits, 0 errors, 1 left on base; Pittsburgh 1 - Wilmington 1
BOTTOM OF THE 5TH
Wilmington Wildcats batting - Pitching for Pittsburgh Millers : RHP Max Townsend
Batting: RHB Julian Crews 0-0: Ball
1-0: Ball
2-0: Ball
3-0: Called Strike
3-1: Ground out 5-3 (Groundball, 56S, EV 78.1 MPH)
Batting: RHB Evan Yanko 0-0: Ball
1-0: SINGLE (Flyball, 78S, EV 85.6 MPH)
Batting: LHB Dorsey Cahue 0-0: Ball
1-0: Foul Ball, location: 2F
1-1: Ball
Evan Yanko is caught stealing 2nd base 2-6
2-1: Called Strike
2-2: Strikes out swinging
Bottom of the 5th over - 0 runs, 1 hit, 0 errors, 0 left on base; Pittsburgh 1 - Wilmington 1
TOP OF THE 6TH
Pittsburgh Millers batting - Pitching for Wilmington Wildcats : RHP Rick Robertson
Batting: RHB Seth Laskie 0-0: SINGLE (Groundball, 6MD, EV 103.8 MPH)
Batting: RHB Cato Flaig 0-0: Ball
1-0: Called Strike
1-1: Ball
2-1: Ball
3-1: SINGLE (Flyball, 8LS, EV 89.4 MPH)
Seth Laskie to second
Pitching: RHP Abel Harreld
Batting: LHB Skye Maury 0-0: Ball
1-0: Fly out, F8 (Flyball, 78D, EV 88.8 MPH)
Batting: RHB Isaac Pack 0-0: Ball
1-0: Swinging Strike
1-1: DOUBLE (Groundball, 5D, EV 108.8 MPH)
Seth Laskie scores
Cato Flaig to third
Pitching: LHP Chance Goodwin
Batting: LHB Byron Carlton 0-0: Ball
1-0: Foul Ball, location: 2F
1-1: Ball
2-1: Called Strike
2-2: Strikes out swinging
Batting: LHB Tom Ho 0-0: Ball
1-0: Called Strike
1-1: Called Strike
1-2: Ball
2-2: Strikes out swinging
Top of the 6th over - 1 run, 3 hits, 0 errors, 2 left on base; Pittsburgh 2 - Wilmington 1
BOTTOM OF THE 6TH
Wilmington Wildcats batting - Pitching for Pittsburgh Millers : RHP Max Townsend
Batting: RHB Vince Cox 0-0: Ball
1-0: Foul Ball, location: 2F
1-1: Ball
2-1: Called Strike
2-2: Foul Ball, location: 2F
2-2: Foul Ball, location: 2F
2-2: Strikes out swinging
Batting: LHB James Munsie 0-0: Called Strike
0-1: DOUBLE (Groundball, 3L, EV 106.9 MPH)
Pinch Runner at 2nd Brad Rahl:
Batting: RHB Raymond Dixon 0-0: Ball
1-0: Foul Ball, location: 2F
1-1: Ball
2-1: Fly out, F7 (Line Drive, 7S, EV 87.5 MPH)
Batting: LHB James Mitchell 0-0: Swinging Strike
0-1: Ball
1-1: Foul Ball, location: 2F
1-2: Fly out, F9 (Flyball, 9D, EV 92.5 MPH)
Bottom of the 6th over - 0 runs, 1 hit, 0 errors, 1 left on base; Pittsburgh 2 - Wilmington 1
TOP OF THE 7TH
Pittsburgh Millers batting - Pitching for Wilmington Wildcats : LHP Chance Goodwin
Batting: LHB Sayon Castillo 0-0: Ball
1-0: Ball
2-0: Ball
3-0: Called Strike
3-1: Foul Ball, location: 2F
3-2: SOLO HOME RUN (Flyball, 9D, EV 103.1 MPH), Distance : 386 ft
Batting: RHB LaMark Canete 0-0: Ball
1-0: Ball
2-0: Called Strike
2-1: Ball
3-1: Called Strike
3-2: SINGLE (Groundball, 56D, EV 107.5 MPH)
Batting: RHB Conner Wilson 0-0: Ball
1-0: Called Strike
1-1: Grounds into double play, 5-4-3 (Groundball, 5, EV 78.1 MPH)
Batting: RHB Seth Laskie 0-0: Ball
1-0: Ball
2-0: Ball
3-0: Called Strike
3-1: Called Strike
3-2: Strikes out looking
Top of the 7th over - 1 run, 2 hits, 0 errors, 0 left on base; Pittsburgh 3 - Wilmington 1
BOTTOM OF THE 7TH
Wilmington Wildcats batting - Pitching for Pittsburgh Millers : RHP Max Townsend
Batting: RHB Zeke Lebron 0-0: Ball
1-0: Ball
2-0: Ball
3-0: Called Strike
3-1: Called Strike
3-2: Ground out 6-3 (Groundball, 6, EV 85.6 MPH)
Batting: RHB Shabazz Smith 0-0: Ball
1-0: Called Strike
1-1: Called Strike
1-2: Strikes out swinging
Batting: RHB Julian Crews 0-0: Foul Ball, location: 2F
0-1: Foul Ball, location: 2F
0-2: Foul Ball, location: 2F
0-2: Strikes out swinging
Bottom of the 7th over - 0 runs, 0 hits, 0 errors, 0 left on base; Pittsburgh 3 - Wilmington 1
TOP OF THE 8TH
Pittsburgh Millers batting - Pitching for Wilmington Wildcats : LHP Chance Goodwin
Batting: RHB Cato Flaig 0-0: Called Strike
0-1: Ball
1-1: Swinging Strike
1-2: Hit by Pitch
Pitching: LHP Luke Chantry
Batting: LHB Skye Maury 0-0: Grounds into double play, 4-6-3 (Groundball, 4D, EV 98.8 MPH)
Batting: RHB Isaac Pack 0-0: Called Strike
0-1: Ball
1-1: Ball
2-1: Ball
3-1: Called Strike
3-2: Strikes out swinging
Top of the 8th over - 0 runs, 0 hits, 0 errors, 0 left on base; Pittsburgh 3 - Wilmington 1
BOTTOM OF THE 8TH
Wilmington Wildcats batting - Pitching for Pittsburgh Millers : RHP Max Townsend
Pitching: RHP Shavar Hannan
Batting: RHB Evan Yanko 0-0: Ball
1-0: Ball
2-0: Called Strike
2-1: Foul Ball, location: 2F
2-2: Strikes out looking
Batting: LHB Dorsey Cahue 0-0: Called Strike
0-1: Ball
1-1: Foul Ball, location: 2F
1-2: Ball
2-2: Strikes out swinging, 2-3 out at first.
Batting: RHB Vince Cox 0-0: Called Strike
0-1: Ball
1-1: Ball
2-1: Ball
3-1: Swinging Strike
3-2: Foul Ball, location: 2F
3-2: Base on Balls
Batting: RHB Brad Rahl 0-0: Ball
1-0: Ball
2-0: Ball
3-0: Called Strike
3-1: Called Strike
3-2: Ground out 5-3 (Groundball, 56, EV 94.4 MPH)
Bottom of the 8th over - 0 runs, 0 hits, 0 errors, 1 left on base; Pittsburgh 3 - Wilmington 1
TOP OF THE 9TH
Pittsburgh Millers batting - Pitching for Wilmington Wildcats : LHP Luke Chantry
Batting: LHB Byron Carlton 0-0: Swinging Strike
0-1: Ball
1-1: Swinging Strike
1-2: Ball
2-2: Fly out, F9 (Flyball, 9, EV 88.8 MPH)
Batting: LHB Tom Ho 0-0: Called Strike
0-1: TRIPLE (Line Drive, 89XD, EV 100.0 MPH)
Batting: LHB Sayon Castillo 0-0: Ball
1-0: Ball
2-0: Foul Ball, location: 2F
2-1: Ball
3-1: Foul Ball, location: 2F
3-2: Foul Ball, location: 2F
3-2: Fly out, F7 (Line Drive, 78M, EV 106.2 MPH)
Runner from 3rd tags up, SCORES, throw by LF
Batting: RHB LaMark Canete 0-0: Foul Ball, location: 2F
0-1: Ball
1-1: Ball
2-1: SOLO HOME RUN (Flyball, 89XD, EV 101.9 MPH), Distance : 410 ft
Batting: RHB Conner Wilson 0-0: Ball
1-0: Ball
2-0: SINGLE (Groundball, 23, EV 64.4 MPH) (infield hit)
Batting: RHB Seth Laskie 0-0: DOUBLE (Line Drive, 9LM, EV 99.4 MPH)
Conner Wilson to third
Runner from 3rd tries for Home, SAFE, no throw by RF
Pitching: RHP Riley Boland
Batting: RHB Cato Flaig 0-0: Ball
1-0: Ball
2-0: Called Strike
2-1: Swinging Strike
2-2: Strikes out swinging
Top of the 9th over - 3 runs, 4 hits, 0 errors, 1 left on base; Pittsburgh 6 - Wilmington 1
BOTTOM OF THE 9TH
Wilmington Wildcats batting - Pitching for Pittsburgh Millers : RHP Shavar Hannan
Batting: RHB Raymond Dixon 0-0: TRIPLE (Flyball, 78XD, EV 104.4 MPH)
Batting: LHB James Mitchell 0-0: Ball
1-0: Ball
2-0: Called Strike
2-1: Fly out, F8 (Flyball, 8LD, EV 81.9 MPH)
Runner from 3rd tags up, SCORES, no throw by CF
Batting: RHB Zeke Lebron 0-0: Ball
1-0: Ball
2-0: Ball
3-0: Called Strike
3-1: Base on Balls
Pitching: LHP Phil Cole
Batting: RHB Shabazz Smith 0-0: Swinging Strike
0-1: Ball
1-1: Called Strike
1-2: Foul Ball, location: 2F
1-2: Foul Ball, location: 2F
1-2: Strikes out swinging
Batting: RHB Julian Crews 0-0: Called Strike
0-1: Ball
1-1: Foul Ball, location: 2F
1-2: Foul Ball, location: 2F
1-2: Ball
2-2: Strikes out swinging
Bottom of the 9th over - 1 run, 1 hit, 0 errors, 1 left on base; Pittsburgh 6 - Wilmington 2
Sunday, March 31st , 2024 - OOTP Baseball 23.10 Build 110